[Event "Titled Tuesday Blitz July 6 2021"]
[White "Vakhlamov, Igor L."]
[Black "Abdusattorov, Nodirbek"]
[WhiteFideId "24126748"]
[BlackFideId "14204118"]
[WhiteElo "2416"]
[BlackElo "2662"]
[Result "0-1"]
[Round "03"]
[TimeControl "180+1"]
[Date "2021.07.06"]
[WhiteClock "0:00:30"]
[BlackClock "0:00:17"]

1. e4 c6 2. Nc3 d5 3. Nf3 dxe4 4. Nxe4 Nf6 5. Qe2 Nxe4 6. Qxe4 Nd7 7. Bc4 Nf6 8. Ne5 e6 9. Qe2 b5 10. Bb3 Bd6 11. d4 Qc7 12. O-O O-O 13. c3 c5 14. Re1 c4 15. Bc2 Bb7 16. Qe3 Nd5 17. Qh3 f5 18. Bd2 Rae8 19. Re2 a5 20. Rae1 b4 21. Nf3 bxc3 22. bxc3 Bf4 23. Ng5 Bxg5 24. Bxg5 h6 25. Bd2 Rf6 26. Re5 Qf7 27. Ba4 Rf8 28. f3 Rg6 29. Bb5 Nb6 30. Qh4 Bxf3 31. g3 Ba8 32. Bf4 Qb7 33. Qh3 Qh1+ 34. Kf2 Qf3+ 35. Kg1 Qxc3 36. Rxe6 Rxe6 37. Rxe6 Qa1+ 38. Qf1 Qxd4+ 39. Qf2 Qd5 40. Qe2 Qxb5 41. Be5 Qd5 42. Rxb6 Qc5+ 43. Qf2 Qxe5 44. Qc5 Qxc5+ 45. Kf1 Qxb6 46. h4 Qb2 47. a4 Qb3 48. h5 Qxg3 49. Ke2 Qf3+ 50. Kd2 Qxh5 51. Kc3 Rc8 52. Kd4 Qd1+ 53. Ke5 Qd5+ 54. Kf4 g5+ 55. Kg3 Qd3+ 56. Kf2 c3 57. Ke1 Bc6 58. Kf2 Bxa4 59. Kg1 Bb5 60. Kh2 a4 61. Kg1 a3 62. Kf2 a2 63. Kg2 h5 64. Kf2 h4 65. Kg2 g4 66. Kh2 f4 67. Kg2 c2 68. Kh2 c1=Q 69. Kg2 a1=Q 70. Kh2 Rf8 71. Kg2 Qa6 72. Kf2 Be8 73. Kg2 Bh5 74. Kf2 Qh6 75. Kg2 Qcc6+ 76. Kf2 Qg3+ 77. Ke2 Qcg6 78. Kd2 h3 79. Ke2 h2 80. Kf1 h1=Q+ 81. Ke2 Qhh4 82. Kd2 f3+ 83. Kd1 Qgg7 84. Kc2 f2 85. Kd1 Qhh8 86. Kd2 Qf3 87. Kc2 g3 88. Kd2 g2 89. Kc2 f1=Q 90. Kd2 g1=Q 91. Kc2 Re8 92. Kd2 Qhf4+ 93. Kc2 Qg7g2# 0-1


[Site "https://www.chess.com"]

[Event "Titled Tuesday Blitz July 6 2021"]
[White "Vidit, Santosh Gujrathi"]
[Black "Mirzoev, Azer"]
[WhiteFideId "5029465"]
[BlackFideId "13400304"]
[WhiteElo "2735"]
[BlackElo "2525"]
[Result "1-0"]
[Round "03"]
[TimeControl "180+1"]
[Date "2021.07.06"]
[WhiteClock "0:00:11"]
[BlackClock "0:00:14"]

1. Nf3 d5 2. g3 c6 3. Bg2 Bg4 4. O-O Nd7 5. h3 Bh5 6. d3 e6 7. e4 dxe4 8. dxe4 Ngf6 9. Qe1 Nc5 10. Nc3 Be7 11. Bf4 O-O 12. a3 a5 13. g4 Bg6 14. Ne5 Nfd7 15. Rd1 Qc8 16. Nxg6 hxg6 17. e5 Rd8 18. Qe3 Qc7 19. Bg3 Nb6 20. Qe2 Rxd1 21. Nxd1 Rd8 22. Ne3 Nd5 23. Nc4 g5 24. Rd1 Nf4 25. Bxf4 gxf4 26. Rd2 a4 27. Nd6 b6 28. Qf3 Bxd6 29. exd6 Rxd6 30. Qxf4 Rd7 31. Qxc7 Rxc7 32. Rd6 Rc8 33. Rxc6 Rb8 34. Kf1 g5 35. Ke2 Kg7 36. Ke3 Kf6 37. f4 gxf4+ 38. Kxf4 Rd8 39. Rxb6 Rd2 40. Kg3 Rxc2 41. Rc6 Rc1 42. h4 Ke7 43. h5 f5 44. gxf5 exf5 45. h6 Kf7 46. Bd5+ Kf8 47. Rc8+ Ke7 48. h7 Ne4+ 49. Bxe4 Rxc8 50. Bxf5 Rh8 51. Kf4 Kf6 52. Bc2 Kg7 53. Ke3 Rxh7 54. Bxh7 Kxh7 55. Kd4 Kg6 56. Kc4 Kf5 57. Kb4 Ke4 58. Kxa4 Kd5 59. Kb5 Kd4 60. a4 Kd5 61. a5 Kd6 62. b4 Kc7 63. a6 Kb8 64. Ka5 1-0


[Site "https://www.chess.com"]

[Event "Titled Tuesday Blitz July 6 2021"]
[White "Vignesh, N R"]
[Black "Vlachos, Anatole"]
[WhiteFideId "25012215"]
[BlackFideId "26093189"]
[WhiteElo "2401"]
[BlackElo "2350"]
[Result "1-0"]
[Round "03"]
[TimeControl "180+1"]
[Date "2021.07.06"]
[WhiteClock "0:00:41"]
[BlackClock "0:00:08"]

1. d4 f5 2. Nc3 Nf6 3. Bg5 d5 4. Bxf6 exf6 5. e3 Be6 6. h4 h5 7. Nh3 Qd7 8. Nf4 Bf7 9. Bb5 c6 10. Bd3 a5 11. Qf3 g6 12. Na4 Qc7 13. a3 Na6 14. Nc3 Bd6 15. Nce2 b5 16. Rh3 Rh6 17. Rg3 O-O-O 18. Rxg6 Bxg6 19. Nxg6 Kb7 20. Bxf5 b4 21. axb4 Nxb4 22. Ngf4 Qb6 23. Qg3 Qc7 24. Kf1 Rhh8 25. Qf3 Rdg8 26. Nxh5 Rh6 27. g3 Rhh8 28. Nhf4 Ra8 29. Ne6 Qe7 30. Nc3 1-0


[Site "https://www.chess.com"]

[Event "Titled Tuesday Blitz July 6 2021"]
[White "Vogel, Roven"]
[Black "Leve, Nitai"]
[WhiteFideId "12908088"]
[BlackFideId "2006898"]
[WhiteElo "2516"]
[BlackElo "2144"]
[Result "1-0"]
[Round "03"]
[TimeControl "180+1"]
[Date "2021.07.06"]
[WhiteClock "0:00:31"]
[BlackClock "0:00:03"]

1. e4 e6 2. d4 d5 3. Nd2 Nf6 4. e5 Nfd7 5. Ndf3 c5 6. c3 Nc6 7. Bd3 g6 8. Ne2 cxd4 9. cxd4 Bg7 10. h4 f6 11. exf6 Qxf6 12. h5 e5 13. Bg5 Qf7 14. Nc3 e4 15. Nb5 O-O 16. hxg6 Qxg6 17. Qb3 exd3 18. Nc7 d2+ 19. Bxd2 Rb8 20. Nxd5 Kh8 21. O-O-O Nf6 22. Nf4 Qf7 23. d5 Bf5 24. Bc3 Ne7 25. Ng5 Qg8 26. Nge6 Ng6 27. Nxg6+ Bxg6 28. Nxf8 Qxf8 29. Rhe1 Bh6+ 30. Re3 Bxe3+ 31. fxe3 Rc8 32. d6 Be4 33. Qe6 1-0


[Site "https://www.chess.com"]

[Event "Titled Tuesday Blitz July 6 2021"]
[White "Vovk, Orest"]
[Black "Hryshchenko, Kamila"]
[WhiteFideId "14113490"]
[BlackFideId "14147491"]
[WhiteElo "2203"]
[BlackElo "1966"]
[Result "0-1"]
[Round "03"]
[TimeControl "180+1"]
[Date "2021.07.06"]
[WhiteClock "0:00:22"]
[BlackClock "0:02:05"]

1. h3 e5 2. g4 Nc6 3. Bg2 h5 4. gxh5 Bc5 5. d3 Qh4 6. e3 Nf6 7. Nc3 d6 8. Bd2 Qg5 9. Qf3 Be6 10. O-O-O O-O-O 11. Nge2 Qxh5 12. Qxh5 Rxh5 13. Ng3 Rh4 14. e4 Bxf2 15. Nf5 Rh7 16. Bg5 Bxf5 17. exf5 Nd4 18. Ne4 Bh4 19. Nxf6 Bxg5+ 0-1


[Site "https://www.chess.com"]

[Event "Titled Tuesday Blitz July 6 2021"]
[White "Vykouk, Jan"]
[Black "Lopez Gracia, Fernando"]
[WhiteFideId "349658"]
[BlackFideId "2207184"]
[WhiteElo "2387"]
[BlackElo "2376"]
[Result "0-1"]
[Round "03"]
[TimeControl "180+1"]
[Date "2021.07.06"]
[WhiteClock "0:00:17"]
[BlackClock "0:01:21"]

1. e4 e5 2. Nf3 Nc6 3. Bc4 Nf6 4. Ng5 d5 5. exd5 Na5 6. Bb5+ Bd7 7. Qe2 Be7 8. O-O Nxd5 9. Nf3 O-O 10. Bxd7 Qxd7 11. Nxe5 Qf5 12. d4 c5 13. c4 Nb4 14. Na3 cxd4 15. Bd2 Nac6 16. Nxc6 Nxc6 17. Nb5 d3 18. Qf3 Qxf3 19. gxf3 Bf6 20. Bc3 Bxc3 21. Nxc3 Ne5 22. Rfd1 Nxf3+ 23. Kg2 Ne5 24. b3 g5 25. h4 h6 26. hxg5 hxg5 27. f4 gxf4 28. Nd5 f3+ 29. Kf2 f5 30. Rh1 Kf7 31. Rh7+ Kg6 32. Rxb7 Rh8 33. Rg1+ Ng4+ 34. Kxf3 Rae8 35. Rxa7 Rh3+ 36. Rg3 Rxg3+ 37. Kxg3 d2 38. Nc3 Re3+ 39. Kf4 Rxc3 40. Ra6+ Kf7 41. Rd6 Rc2 42. c5 Nf2 43. b4 d1=Q 44. Rxd1 Nxd1 45. Ke5 Rxa2 46. b5 Ra5 47. b6 Rxc5+ 48. Kd6 Rb5 49. b7 Rxb7 0-1


[Site "https://www.chess.com"]

[Event "Titled Tuesday Blitz July 6 2021"]
[White "Yaniuk, Volodymyr"]
[Black "Akhvlediani, Irakli"]
[WhiteFideId "14133083"]
[BlackFideId "13601938"]
[WhiteElo "2207"]
[BlackElo "2226"]
[Result "1-0"]
[Round "03"]
[TimeControl "180+1"]
[Date "2021.07.06"]
[WhiteClock "0:00:05"]
[BlackClock "0:00:14"]

1. d4 Nf6 2. c4 g6 3. Nc3 Bg7 4. Nf3 O-O 5. g3 d6 6. Bg2 Nc6 7. O-O e5 8. e4 Bg4 9. dxe5 Nxe5 10. Qe2 Re8 11. Bg5 h6 12. Bf4 Nfd7 13. Kh1 Nxf3 14. Bxf3 Bxf3+ 15. Qxf3 Nc5 16. Rfe1 Bxc3 17. Qxc3 g5 18. Be3 Nxe4 19. Qd3 Qf6 20. Kg2 Nc5 21. Bxc5 dxc5 22. Qd7 Rxe1 23. Rxe1 Rd8 24. Re8+ Rxe8 25. Qxe8+ Kg7 26. Qe2 b6 27. b3 Qd4 28. Qf3 a5 29. a4 Qf6 30. Qe4 Qd6 31. h4 Qd4 32. Kf3 Qf6+ 33. Kg2 gxh4 34. gxh4 Qg6+ 35. Kf3 Qxe4+ 36. Kxe4 Kf6 37. Kd5 Ke7 38. Kc6 Kd8 39. f4 h5 40. Kd5 Kd7 41. Ke5 c6 42. Kf5 b5 43. Kg5 Ke6 44. Kxh5 Kf5 45. Kh6 Kxf4 46. Kg7 f5 47. h5 Ke3 48. h6 f4 49. h7 f3 50. h8=Q f2 51. Qh3+ Ke2 52. Qg4+ Ke1 53. Qg3 Ke2 54. Qe5+ Kd1 55. Qf4 Ke1 56. Qe3+ Kf1 57. cxb5 cxb5 58. axb5 Kg2 59. Qg5+ Kf3 60. Qf5+ Kg3 61. Qd3+ Kg2 62. Qe2 Kg1 63. Qg4+ Kh2 64. Qf3 Kg1 65. Qg3+ Kf1 66. Kf6 c4 67. bxc4 a4 68. b6 Ke2 69. Qg2 Ke1 70. b7 a3 71. b8=Q f1=Q+ 72. Qxf1+ Kxf1 73. Qb1+ 1-0


[Site "https://www.chess.com"]

[Event "Titled Tuesday Blitz July 6 2021"]
[White "Zubritskiy, Artyom"]
[Black "Naroditsky, Daniel"]
[WhiteFideId "4181247"]
[BlackFideId "2026961"]
[WhiteElo "2559"]
[BlackElo "2608"]
[Result "0-1"]
[Round "03"]
[TimeControl "180+1"]
[Date "2021.07.06"]
[WhiteClock "0:00:02"]
[BlackClock "0:01:00"]

1. d4 Nf6 2. c4 g6 3. g3 Bg7 4. Bg2 O-O 5. Nc3 d6 6. Nf3 Nbd7 7. O-O e5 8. e4 exd4 9. Nxd4 Re8 10. Re1 Nc5 11. h3 Bd7 12. f4 Qc8 13. Kh2 h5 14. b4 Ne6 15. Nde2 a5 16. b5 Nc5 17. Qc2 Nfxe4 18. Nxe4 Nxe4 19. Bb2 Nc5 20. Bxg7 Kxg7 21. Qc3+ Kg8 22. Nd4 Qd8 23. Nf3 Bf5 24. Ng5 Rxe1 25. Rxe1 Qf8 26. Bd5 Be6 27. Nxe6 fxe6 28. Bxe6+ Kh7 29. Bd5 Re8 30. Re3 Re7 31. Rxe7+ Qxe7 32. Qd2 a4 33. Qf2 Qf6 34. g4 hxg4 35. hxg4 a3 36. g5 Qb2 0-1


[Site "https://www.chess.com"]

[Event "Titled Tuesday Blitz July 6 2021"]
[White "Abdusattorov, Nodirbek"]
[Black "Nguyen, Quoc Hy"]
[WhiteFideId "14204118"]
[BlackFideId "12410853"]
[WhiteElo "2662"]
[BlackElo "1975"]
[Result "1-0"]
[Round "04"]
[TimeControl "180+1"]
[Date "2021.07.06"]
[WhiteClock "0:02:05"]
[BlackClock "0:00:27"]

1. d4 d5 2. c4 c6 3. Nf3 e6 4. Qb3 f5 5. Bf4 Nf6 6. Nc3 Bd6 7. Bxd6 Qxd6 8. e3 O-O 9. Ne5 b6 10. Be2 Nbd7 11. f4 Ne4 12. Nxe4 fxe4 13. Rc1 Nxe5 14. dxe5 Qe7 15. cxd5 cxd5 16. O-O Bb7 17. Qa4 a6 18. Qd4 b5 19. Qb6 Rac8 20. Bg4 Rfe8 21. Bxe6+ Qxe6 22. Qxb7 d4 23. Rxc8 Rxc8 24. exd4 e3 25. f5 Qc4 26. f6 gxf6 27. exf6 Rc7 28. f7+ Rxf7 29. Qxf7+ Qxf7 30. Rxf7 Kxf7 31. Kf1 1-0


[Site "https://www.chess.com"]

[Event "Titled Tuesday Blitz July 6 2021"]
[White "Akhvlediani, Irakli"]
[Black "Przybylski, Wojciech"]
[WhiteFideId "13601938"]
[BlackFideId "1117599"]
[WhiteElo "2226"]
[BlackElo "2317"]
[Result "1-0"]
[Round "04"]
[TimeControl "180+1"]
[Date "2021.07.06"]
[WhiteClock "0:00:11"]
[BlackClock "0:00:12"]

1. Nf3 Nf6 2. c4 e6 3. e3 b6 4. b3 Bb7 5. Bb2 Be7 6. Qc2 O-O 7. Ng5 g6 8. h4 Nh5 9. Be2 f5 10. Bxh5 gxh5 11. Rh3 h6 12. Nf3 Kh7 13. Nc3 Na6 14. a3 Nc5 15. O-O-O Ne4 16. Nxe4 Bxe4 17. d3 Bb7 18. Qe2 Bf6 19. Ng5+ Kg6 20. Nf3 Bxb2+ 21. Qxb2 Kh7 22. Rg3 Rg8 23. Rxg8 Qxg8 24. Ne5 Qg7 25. d4 d6 26. Nd3 Qxg2 27. Nf4 Qe4 28. Nxh5 Qxh4 29. Nf4 Qf6 30. Qe2 Rg8 31. Qh5 Rg7 32. Qe2 e5 33. dxe5 dxe5 34. Nh5 Qe7 35. Nxg7 Qxa3+ 36. Qb2 Qe7 37. Nxf5 Qe6 38. Ng3 Bf3 39. Qc2+ e4 40. Rd4 c5 41. Rxe4 Bxe4 42. Nxe4 Qxe4 43. Qxe4+ Kg7 44. Qg4+ Kf6 45. f4 h5 46. Qxh5 Ke6 47. e4 Kd6 48. Qh6+ Kc7 49. f5 Kb7 50. f6 Ka6 51. f7 Ka5 52. Qd2+ Ka6 53. f8=Q Kb7 54. Qfd8 Ka6 55. Qc8# 1-0


[Site "https://www.chess.com"]

[Event "Titled Tuesday Blitz July 6 2021"]
[White "Alekseenko, Kirill"]
[Black "Tejedor Fuente, Enrique"]
[WhiteFideId "4135539"]
[BlackFideId "2299100"]
[WhiteElo "2580"]
[BlackElo "2535"]
[Result "1-0"]
[Round "04"]
[TimeControl "180+1"]
[Date "2021.07.06"]
[WhiteClock "0:00:29"]
[BlackClock "0:00:01"]

1. d4 d5 2. Nc3 Nf6 3. Bf4 e6 4. Nb5 Na6 5. e3 Be7 6. Nf3 O-O 7. Be2 c6 8. Nc3 Nh5 9. Be5 f6 10. Bg3 Nxg3 11. hxg3 Bd6 12. Bd3 f5 13. Ne2 Nb4 14. Nc1 c5 15. c3 Nc6 16. Be2 c4 17. b3 Qa5 18. b4 Qa3 19. Qc2 a5 20. b5 Ne7 21. Rb1 Bd7 22. Bd1 b6 23. Ne2 a4 24. Nf4 h6 25. Qd2 Ra5 26. Nh5 Rxb5 27. Rxb5 Bxb5 28. Ne5 Bxe5 29. dxe5 Ng6 30. f4 Qc5 31. g4 Ne7 32. Rh3 Be8 33. Ng3 Bg6 34. Rh4 a3 35. Bc2 fxg4 36. Bxg6 Nxg6 37. Rxg4 Ne7 38. Ke2 Nf5 39. Nxf5 Rxf5 40. Qc2 Qb5 41. Kf3 Qb2 42. Qa4 b5 43. Qa8+ Rf8 44. Qb7 Rf7 45. Qc8+ Kh7 46. Qxe6 Ra7 47. Qg6+ Kh8 48. f5 Qxc3 49. Qe8+ Kh7 50. f6 Qd3 51. Kg3 Qxe3+ 52. Kh2 Qf2 53. Qg6+ Kg8 54. Qxh6 Kf8 55. fxg7+ Ke7 1-0


[Site "https://www.chess.com"]

[Event "Titled Tuesday Blitz July 6 2021"]
[White "Araujo Filho, Luiz Antonio Coel"]
[Black "Gelman, Alexander"]
[WhiteFideId "2130661"]
[BlackFideId "4118316"]
[WhiteElo "2261"]
[BlackElo "2375"]
[Result "0-1"]
[Round "04"]
[TimeControl "180+1"]
[Date "2021.07.06"]
[WhiteClock "0:00:01"]
[BlackClock "0:00:37"]

1. d4 Nf6 2. Nf3 c5 3. e3 d6 4. Be2 Nbd7 5. O-O b6 6. b3 e6 7. Bb2 Bb7 8. Nbd2 Qc7 9. c4 Rg8 10. Qc2 g5 11. e4 g4 12. Ne1 cxd4 13. Bxd4 h5 14. f4 gxf3 15. Nexf3 Be7 16. b4 Rc8 17. Rac1 Ne5 18. Nxe5 dxe5 19. Bc3 a5 20. a3 Rd8 21. Bf3 axb4 22. axb4 Ng4 23. Rce1 Bg5 24. Bxg4 hxg4 25. Re2 Rh8 26. Qb2 Rd4 27. Bxd4 exd4 28. g3 e5 0-1


[Site "https://www.chess.com"]

[Event "Titled Tuesday Blitz July 6 2021"]
[White "Arutinian, David"]
[Black "Roberson, Peter T"]
[WhiteFideId "13601741"]
[BlackFideId "412384"]
[WhiteElo "2525"]
[BlackElo "2283"]
[Result "1-0"]
[Round "04"]
[TimeControl "180+1"]
[Date "2021.07.06"]
[WhiteClock "0:00:26"]
[BlackClock "0:00:03"]

1. Nf3 Nf6 2. c4 b6 3. g3 Bb7 4. Bg2 g6 5. O-O Bg7 6. d4 O-O 7. Nc3 Ne4 8. Nxe4 Bxe4 9. b3 c5 10. Bb2 Nc6 11. e3 cxd4 12. Nxd4 Bxg2 13. Kxg2 Nxd4 14. Bxd4 Bxd4 15. Qxd4 Qc7 16. h4 h5 17. a4 Rfd8 18. Rad1 d6 19. Kh2 Qc5 20. Qe4 e6 21. Rd3 d5 22. cxd5 Rxd5 23. Rxd5 exd5 24. Qd3 Re8 25. Rd1 Re5 26. Qd2 Rf5 27. Kg1 Qa3 28. Qc3 Qa2 29. Rd2 Qb1+ 30. Kg2 Qe4+ 31. Kh2 Qb1 32. Qc8+ Kh7 33. Qc2 Qf1 34. Qb2 a5 35. Qc2 Kg8 36. Qa2 Kh7 37. Qb2 Kg8 38. e4 Rf3 39. exd5 g5 40. Re2 Kh7 41. Qc2+ Kh6 42. hxg5+ Kxg5 43. Qd2+ Kg6 44. d6 h4 45. d7 hxg3+ 46. fxg3 Rf5 47. Qc2 Kh6 48. Qxf5 Qxf5 49. d8=Q Qh5+ 50. Qh4 1-0


[Site "https://www.chess.com"]

[Event "Titled Tuesday Blitz July 6 2021"]
[White "Assaubayeva, Bibisara"]
[Black "Slovak_fighter2000"]
[WhiteFideId "13708694"]
[WhiteElo "2232"]
[BlackElo "2491"]
[Result "1-0"]
[Round "04"]
[TimeControl "180+1"]
[Date "2021.07.06"]
[WhiteClock "0:01:19"]
[BlackClock "0:00:01"]

1. d4 Nf6 2. c4 e6 3. Nf3 d5 4. Nc3 c5 5. cxd5 Nxd5 6. e4 Nxc3 7. bxc3 cxd4 8. cxd4 Bb4+ 9. Bd2 Bxd2+ 10. Qxd2 O-O 11. Bc4 Nd7 12. O-O b6 13. Rfe1 Bb7 14. Rad1 Nf6 15. Qf4 h6 16. h3 Rc8 17. Bd3 Rc3 18. d5 exd5 19. e5 Nd7 20. Qf5 g6 21. Qg4 Nc5 22. Bxg6 fxg6 23. Qxg6+ Kh8 24. Qxh6+ Kg8 25. Qg6+ Kh8 26. Rd4 Rc4 27. Rxc4 dxc4 28. Ng5 Qe7 29. e6 Nd3 30. Re3 Qg7 31. Qh5+ Kg8 32. e7 Rc8 33. e8=Q+ 1-0


[Site "https://www.chess.com"]

[Event "Titled Tuesday Blitz July 6 2021"]
[White "Bakalchuk, Johnatan"]
[Black "Afanasiev, Nikita"]
[WhiteFideId "2810301"]
[BlackFideId "24183555"]
[WhiteElo "2507"]
[BlackElo "2521"]
[Result "0-1"]
[Round "04"]
[TimeControl "180+1"]
[Date "2021.07.06"]
[WhiteClock "0:00:06"]
[BlackClock "0:00:14"]

1. e4 d6 2. d4 g6 3. Nc3 Bg7 4. Be3 a6 5. h4 h5 6. Qd2 b5 7. f3 Bb7 8. Nh3 Nd7 9. Ng5 Ngf6 10. O-O-O e6 11. Kb1 Qe7 12. Ne2 c5 13. dxc5 dxc5 14. Nf4 Ne5 15. Qd6 Qxd6 16. Rxd6 Nfd7 17. Be2 O-O-O 18. Rhd1 Bf8 19. R6d2 Be7 20. Nxf7 Nxf7 21. Nxe6 Bxh4 22. Nxd8 Rxd8 23. a4 Bc6 24. axb5 axb5 25. f4 Be7 26. e5 Nf8 27. Rxd8+ Nxd8 28. g4 hxg4 29. Bxg4+ Bd7 30. Bf3 Bf5 31. b3 Kc7 32. Be2 b4 33. Rh1 Nde6 34. Kb2 Nd4 35. Bxd4 cxd4 36. Bd3 Bxd3 37. cxd3 Ne6 38. Rf1 Kc6 39. f5 gxf5 40. Rxf5 Kd5 41. Kc2 Bd8 42. Rf7 Bc7 43. Rd7+ Kxe5 44. Kd2 Bd6 45. Kc2 Nf4 46. Rd8 Ne6 47. Re8 Kd5 48. Rh8 Bg3 49. Rh5+ Kc6 50. Rf5 Kd6 51. Rb5 Be1 52. Rb6+ Kd5 53. Ra6 Bc3 54. Ra5+ Kd6 55. Ra6+ Ke7 56. Ra7+ Kf6 57. Ra6 Kf5 58. Ra5+ Kg4 59. Re5 Nf4 60. Re8 Nd5 61. Rf8 Nf4 62. Rf7 Ng2 63. Rf8 Ne1+ 64. Kd1 Nxd3 65. Kc2 Nc5 66. Rc8 d3+ 67. Kd1 Nxb3 68. Rd8 Nd4 69. Re8 Kf4 70. Rf8+ Ke4 71. Re8+ Kd5 72. Re3 Kc4 73. Re8 Nb3 74. Rc8+ Nc5 75. Rh8 b3 76. Rh4+ Bd4 77. Kc1 Kc3 78. Kb1 d2 79. Rh3+ Kc4 80. Rd3 Ne4 0-1


[Site "https://www.chess.com"]

[Event "Titled Tuesday Blitz July 6 2021"]
[White "Balaji, Aaravamudhan"]
[Black "Kotepalli, Sai Nirupama"]
[WhiteFideId "436224"]
[BlackFideId "5039444"]
[WhiteElo "2085"]
[BlackElo "2414"]
[Result "0-1"]
[Round "04"]
[TimeControl "180+1"]
[Date "2021.07.06"]
[WhiteClock "0:00:02"]
[BlackClock "0:00:34"]

1. b3 Nf6 2. Bb2 g6 3. g4 Bg7 4. g5 Nh5 5. Bxg7 Nxg7 6. e3 e5 7. h4 h6 8. gxh6 Rxh6 9. Nf3 d6 10. c4 Bg4 11. Be2 c6 12. d4 Bxf3 13. Bxf3 Rxh4 14. Rxh4 Qxh4 15. dxe5 dxe5 16. Qd6 Qe7 17. Qxe7+ Kxe7 18. Nc3 Nd7 19. O-O-O Rh8 20. Ne4 Ne8 21. c5 f5 22. Nd6 Nxd6 23. cxd6+ Ke6 24. Be2 Nb6 25. a4 Nd5 26. Rg1 Rg8 27. Bc4 Kxd6 28. f3 Rg7 29. e4 fxe4 30. fxe4 Nf4 31. a5 g5 32. Rg4 Kc5 33. Kc2 Kb4 34. a6 b5 35. Bf1 Ka5 36. Kc3 Kxa6 37. b4 Kb6 38. Kb3 c5 39. Kc3 Nh5 40. Bg2 cxb4+ 41. Kxb4 a5+ 42. Kb3 Kc5 43. Bf3 Nf6 44. Rg1 g4 45. Kc3 gxf3 46. Rxg7 f2 47. Rc7+ Kd6 48. Ra7 f1=Q 49. Ra6+ Ke7 50. Ra8 Nxe4+ 51. Kb3 Qc4+ 52. Kb2 Qc3+ 53. Ka2 Nd2 54. Ra7+ Kd6 55. Rd7+ Ke6 56. Re7+ Kf5 57. Rf7+ Ke4 58. Rf4+ Kd3 59. Rd4+ Qxd4 60. Ka3 Qb4+ 61. Ka2 Qb3+ 62. Ka1 Qb1# 0-1


[Site "https://www.chess.com"]

[Event "Titled Tuesday Blitz July 6 2021"]
[White "Bilych, Olexiy"]
[Black "Reprintsev, Alexander"]
[WhiteFideId "14156504"]
[BlackFideId "14100541"]
[WhiteElo "2246"]
[BlackElo "2126"]
[Result "1-0"]
[Round "04"]
[TimeControl "180+1"]
[Date "2021.07.06"]
[WhiteClock "0:00:29"]
[BlackClock "0:00:02"]

1. Nf3 Nc6 2. c4 e5 3. Nc3 Bb4 4. Nd5 e4 5. Nxb4 Nxb4 6. Nd4 Qe7 7. a3 Nc6 8. Nc2 Nf6 9. Ne3 d6 10. g3 h5 11. h4 Ng4 12. Bg2 Nxe3 13. dxe3 Bf5 14. Bd2 f6 15. Bc3 Qe6 16. b3 a5 17. Qd5 Qxd5 18. cxd5 Ne7 19. O-O-O Kf7 20. Rd4 Rhc8 21. Rhd1 c5 22. dxc6 Rxc6 23. Kb2 d5 24. f3 Rac8 25. Rc1 b6 26. Bd2 Rxc1 27. Bxc1 Rc5 28. fxe4 Bxe4 29. Bxe4 dxe4 30. Rxe4 Nf5 31. g4 hxg4 32. Rxg4 g6 33. e4 Nd4 34. Be3 Rc2+ 35. Kb1 Rc3 36. Bxd4 Rxb3+ 37. Bb2 Re3 38. Rf4 Rxe2 39. Rxf6+ Ke7 40. Rxb6 Rxe4 41. Rxg6 Rxh4 42. Ra6 Rh5 43. a4 Kd7 44. Bc3 Kc7 45. Bxa5+ Kb7 46. Rb6+ Ka7 47. Rb5 Rh4 48. Bb4 Ka6 49. Kb2 Ka7 50. Kb3 Ka6 51. Bc3 Ka7 52. Ra5+ Kb6 53. Rf5 Kb7 54. a5 Rg4 55. Bb4 Rg6 56. Ka4 Ka6 57. Rd5 1-0


[Site "https://www.chess.com"]

[Event "Titled Tuesday Blitz July 6 2021"]
[White "Bluebaum, Matthias"]
[Black "Abrashkin, Boris"]
[WhiteFideId "24651516"]
[BlackFideId "4120582"]
[WhiteElo "2685"]
[BlackElo "2599"]
[Result "1-0"]
[Round "04"]
[TimeControl "180+1"]
[Date "2021.07.06"]
[WhiteClock "0:01:32"]
[BlackClock "0:00:03"]

1. d4 d5 2. c4 e6 3. Nc3 c6 4. e3 Nf6 5. Nf3 Nbd7 6. Be2 dxc4 7. a4 Bd6 8. O-O O-O 9. Bxc4 e5 10. a5 Qc7 11. Qc2 h6 12. h3 Re8 13. Bb3 exd4 14. exd4 Nf8 15. Be3 Be6 16. Bxe6 Nxe6 17. Rfe1 Rad8 18. a6 b6 19. Rac1 Qc8 20. Qa4 Nf4 21. Red1 b5 22. Qc2 Qxa6 23. Ne5 N4d5 24. Nxd5 Nxd5 25. Qxc6 Qxc6 26. Nxc6 Rc8 27. Nxa7 Nxe3 28. Rxc8 Rxc8 29. Nxc8 Nxd1 30. Nxd6 Nxb2 31. Nxb5 f6 32. Kf1 Kf7 33. Ke2 Ke6 34. Nc3 Nc4 35. Kd3 Nb2+ 36. Ke4 f5+ 37. Ke3 Nc4+ 38. Ke2 g5 39. Nd1 Nd6 40. Kd3 Kd5 41. Ne3+ Ke6 42. f3 Kf6 43. Nc4 Nb5 44. d5 1-0


[Site "https://www.chess.com"]

[Event "Titled Tuesday Blitz July 6 2021"]
[White "Bordi, Kevin"]
[Black "Levitskiy, Andrey"]
[WhiteFideId "621862"]
[BlackFideId "14132885"]
[WhiteElo "2743"]
[BlackElo "2323"]
[Result "0-1"]
[Round "04"]
[TimeControl "180+1"]
[Date "2021.07.06"]
[WhiteClock "0:00:11"]
[BlackClock "0:00:16"]

1. d4 Nf6 2. Bg5 c5 3. Bxf6 exf6 4. dxc5 Bxc5 5. e3 d5 6. c3 Nc6 7. g3 Be6 8. Bg2 h5 9. h4 Ne5 10. Ne2 Bg4 11. O-O Nf3+ 12. Kh1 g5 13. Nd2 Nxd2 14. Qxd2 gxh4 15. gxh4 f5 16. Nf4 Qxh4+ 17. Kg1 O-O-O 18. b4 Bd6 19. Qxd5 Rd7 20. Rfd1 Bxd1 21. Rxd1 Rhd8 22. Qxf5 Bxf4 23. exf4 Qg4 24. Qc5+ Kb8 25. Rxd7 Qxd7 26. Qxh5 Qd1+ 27. Qxd1 Rxd1+ 28. Kh2 Rd2 29. Kg3 Rxa2 30. Bd5 Rc2 31. c4 f6 32. f3 Rb2 33. b5 a5 34. bxa6 bxa6 35. Kg4 Kc7 36. Kf5 Kd6 37. Kxf6 a5 38. f5 a4 39. Kg7 a3 40. Bf7 Kc5 41. f6 a2 42. Bg6 a1=Q 43. f7 Rb8+ 44. Kh7 Rh8# 0-1


[Site "https://www.chess.com"]

[Event "Titled Tuesday Blitz July 6 2021"]
[White "Boyer, Mahel"]
[Black "Zong, Davis"]
[WhiteFideId "45102422"]
[BlackFideId "30903955"]
[WhiteElo "2328"]
[BlackElo "2431"]
[Result "0-1"]
[Round "04"]
[TimeControl "180+1"]
[Date "2021.07.06"]
[WhiteClock "0:00:01"]
[BlackClock "0:01:27"]

1. g3 d5 2. Bg2 c6 3. b3 e5 4. Bb2 Bd6 5. c4 Nf6 6. cxd5 cxd5 7. Nc3 d4 8. Ne4 Nxe4 9. Bxe4 O-O 10. Rc1 Nd7 11. Nf3 Nf6 12. Bb1 Bh3 13. Ng5 Qd7 14. Ne4 Nxe4 15. Bxe4 f5 16. Bd5+ Kh8 17. b4 Bxb4 18. Qb3 Rfd8 19. Be6 Qe7 20. Bc4 Rac8 21. Rg1 a6 22. Bd3 e4 23. Bb1 e3 24. fxe3 dxe3 25. Bc3 exd2+ 0-1


[Site "https://www.chess.com"]

[Event "Titled Tuesday Blitz July 6 2021"]
[White "Coto Mederos, Michel"]
[Black "Leiva, Gianmarco"]
[WhiteFideId "3508528"]
[BlackFideId "3804399"]
[WhiteElo "2427"]
[BlackElo "2365"]
[Result "0-1"]
[Round "04"]
[TimeControl "180+1"]
[Date "2021.07.06"]
[WhiteClock "0:00:05"]
[BlackClock "0:00:46"]

1. d4 Nf6 2. c4 e6 3. Nc3 Bb4 4. e3 O-O 5. Bd3 d5 6. Ne2 dxc4 7. Bxc4 c5 8. a3 Bxc3+ 9. bxc3 Qc7 10. Bd3 Nc6 11. a4 b6 12. O-O e5 13. d5 Nxd5 14. Bxh7+ Kxh7 15. Qxd5 Kg8 16. e4 Ba6 17. Qa2 Na5 18. Bg5 Bc4 19. Qb2 f6 20. Be3 Rfd8 21. Rfd1 Qf7 22. f3 Rd7 23. Ng3 Rad8 24. Rxd7 Qxd7 25. h4 Kf7 26. h5 Qd3 27. Re1 Bb3 28. Nf5 Qc2 29. Qxc2 Bxc2 30. Ra1 Rd1+ 31. Rxd1 Bxd1 32. g4 Bxf3 33. h6 gxh6 34. Nxh6+ Ke6 35. g5 fxg5 36. Bxg5 Bxe4 37. Ng4 Bf3 38. Ne3 Bc6 39. Kf2 Bxa4 40. Bd8 Nc6 41. Bh4 Bb3 42. Ke2 a5 43. Kd2 a4 44. Kc1 Na5 45. Kb1 Nc4 46. Nxc4 Bxc4 47. Kb2 b5 48. Bg3 b4 49. cxb4 cxb4 50. Be1 a3+ 51. Kc1 b3 52. Bc3 Kd5 53. Kb1 Bd3+ 54. Kc1 e4 55. Kd2 b2 56. Bxb2 axb2 0-1


[Site "https://www.chess.com"]